 Dungeon Crawl Stone Soup version 0.29-a0-994-gc5c9f59d18 (webtiles) character file.

Game seed: 14499625873208583650

110 coolguy69 the Cutter (level 4, -2/24 HPs)
             Began as a Vine Stalker Monk on Aug 3, 2022.
             Slain by an orc
             ... wielding a +0 mace
              (6 damage)
             ... on level 3 of the Dungeon.
             The game lasted 00:02:06 (2155 turns).

coolguy69 the Cutter (Vine Stalker Monk)            Turns: 2155, Time: 00:02:06

Health: -2/24      AC:  4    Str: 15    XL:     4   Next: 91%
Magic:  0/5        EV: 12    Int: 10    God:
Gold:   70         SH:  0    Dex: 17    Spells: 3/3 levels left

rFire   . . .      SeeInvis .   a - +0 short sword
rCold   . . .      Faith    .   (no shield)
rNeg    . . .      Spirit   +   f - +0 leather armour
rPois   .          Reflect  .   (no helmet)
rElec   .          Harm     .   h - +0 cloak
rCorr   .          Rampage  .   (no gloves)
Will    .....                   (no boots)
Stlth   ++........              (no amulet)
HPRegen 0.88/turn               (no ring)
MPRegen 0.09/turn               (no ring)

@: on berserk cooldown, slowed, invisible, very slow
A: fangs 2, regeneration 1, magic shield, antimagic bite, no potion heal 2
a: no special abilities


You were on level 3 of the Dungeon.
You visited 1 branch of the dungeon, and saw 3 of its levels.

You collected 70 gold pieces.

Inventory:

Hand Weapons
 a - a +0 short sword (weapon)
Armour
 b - a +0 robe
 f - a +0 leather armour (worn)
 h - a +0 cloak (worn)
 j - a +0 helmet
Jewellery
 g - a ring of ice
Scrolls
 d - 2 scrolls of identify
Potions
 c - a potion of ambrosia
 e - a potion of heal wounds {unknown}
 i - a potion of curing {unknown}
 k - a potion of cancellation {unknown}
 n - a potion of resistance {unknown}


   Skills:
 + Level 3.1 Fighting
 + Level 3.4 Short Blades
 + Level 1.3 Armour
 + Level 2.9 Dodging
 + Level 3.2 Stealth


You had 3 spell levels left.
You didn't know any spells.
Your spell library contained the following spells:

 Spells                   Type           Power      Damage    Failure   Level
 Apportation              Tloc           0%         N/A       43%         1
 Alistair's Intoxication  Tmut/Pois      0%         N/A       100%        5


Dungeon Overview and Level Annotations

Branches:
Dungeon (3/15)

Altars:


Innate Abilities, Weirdness & Mutations

You have extremely sharp teeth.
Your natural rate of healing is unusually fast.
When hurt, damage is shared between your health and your magic reserves.
Your bite disrupts and absorbs the magic of your enemies.
Potions cannot restore your health.


Message History

You feel yourself slow down.
You hit the orc but do no damage.
The orc is almost dead.
The orc hits you but does no damage. Something hits you but does no damage.
You hit the orc.
You kill the orc!
The orc barely misses you. Something hits you but does no damage.
You hit the orc but do no damage. You bite the orc, but do no damage.
The orc hits you with a +0 mace. Something hits you.
The orc hits you with a +0 mace. Something hits you.
* * * LOW HITPOINT WARNING * * *
You barely miss the orc. You bite the orc. You drain its power.
You feel invigorated.
The orc is moderately wounded.
The orc hits you but does no damage. Something hits you.
* * * LOW HITPOINT WARNING * * *
You hit the orc but do no damage. Your bite misses the orc.
The orc is moderately wounded.
The orc barely misses you. Something hits you.
* * * LOW HITPOINT WARNING * * *
The orc hits you with a +0 mace.
* * * LOW HITPOINT WARNING * * *
Something hits you.
* * * LOW HITPOINT WARNING * * *
Okay, then.
As you read the scroll labelled ESMUJA DATYXANN, it crumbles to dust.
The creatures around you are filled with an inner flame!
It was a scroll of immolation.
The orc hits you with a +0 mace.
* * * LOW HITPOINT WARNING * * *
Something hits you but does no damage. Something hits you but does no damage.
The orc hits you with a +0 mace.
* * * LOW HITPOINT WARNING * * *
Something hits you but does no damage.
As you read the scroll labelled WUECWUSEIS, it crumbles to dust.
It is a scroll of identify.
m - a potion of invisibility The orc completely misses you.
Something hits you but does no damage.
You fade into invisibility!
The orc closely misses you. The orc hits you with a +0 mace!
You die...

##.##.###.......##.#
?..............##..
#
#...###?.......##.#
. #. #...#
#)..?....##.# #.#..
#...# #.###########
#....##...###.#
..............##
...............#
...<###.@.)....#
......).o......#
...#$.#)########
).....).# ..##..#..
. #..#... ## #....
...... .......


You could see an orc (inner flame, unable to see you).

Vanquished Creatures
  An orc priest (D:3)
  2 adders (D:2)
  3 dart slugs (D:2)
  8 orcs
  3 endoplasms (D:2)
  7 goblins
  7 hobgoblins
  2 quokkas
  4 ball pythons
  4 bats
  A kobold (D:2)
  3 rats
45 creatures vanquished.

Notes
Turn   | Place    | Note
-------+----------+-------------------------------------------
     0 | D:1      | coolguy69 the Vine Stalker Monk began the quest for the
                  | Orb.
     0 | D:1      | Reached XP level 1. HP: 11/11 MP: 2/2
   128 | D:1      | Reached XP level 2. HP: 8/16 MP: 3/3
   772 | D:2      | Reached XP level 3. HP: 12/19 MP: 2/4
  1347 | D:2      | Gained mutation: Your natural rate of healing is unusually
                  | fast. [Vine Stalker growth]
  1347 | D:2      | Reached XP level 4. HP: 12/24 MP: 3/5
  2116 | D:3      | Reached skill level 1 in Armour
  2153 | D:3      | HP: 1/24 [orc/+0 mace (2)]
  2155 | D:3      | Slain by an orc

Illustrated notes

Levels and vault maps discovered:
D:1:      lightli_arrival_noodles, layout_rooms
D:2:      layout_basic, guppyfry_early_orc_mine
D:3:      layout_basic, minitemple

Skill      XL: |  1  2  3  4 |
---------------+-------------+-----
Short Blades   | 3 |  3.4
Fighting       | 3 |  3.1
Stealth        | 3 |  3.2
Armour         | 1 |  1.3
Dodging        | |  2.9

Action                   |  1- 3 |  4- 6 || total
-------------------------+-------+-------++-------
Melee: Short sword       |    97 |    62 ||   159
       Bite              |    28 |    12 ||    40
       Punch             |     1 |     1 ||     2
  Use: Potion            |     1 |     2 ||     3
       Scroll            |       |     2 ||     2
 Stab: Sleeping          |     3 |     2 ||     5
       Distracted        |     2 |       ||     2
Armor: Robe              |     2 |       ||     2
       Leather armour    |    21 |    20 ||    41
       Skin              |    13 |     8 ||    21
Dodge: Dodged            |    64 |    35 ||    99

Table legend: (Time is in decaauts)
 A = Elapsed time spent in this place.
 B = Non-inter-level travel time spent in this place.
 C = Inter-level travel time spent in this place.
 D = Time resting spent in this place.
 E = Time spent auto-exploring this place.
 F = Levels seen in this place.
 G = Mean time per level.
                   A        B        C        D        E       F      G
               +--------+--------+--------+--------+--------+-----+--------+
         Total |   2145 |   2116 |     29 |    447 |   1288 |   3 |  715.0 |
       Dungeon |   2145 |   2116 |     29 |    447 |   1288 |   3 |  715.0 |
               +--------+--------+--------+--------+--------+-----+--------+

Top non-repeatable levels by time:
     D:2: 1286 daAuts
     D:1: 682 daAuts
     D:3: 177 daAuts
